 Dungeon Crawl Stone Soup version 0.30-a0-141-g30f27751c5 (webtiles) character file.

Game seed: 16664393434907095669

46 qw the Chopper (level 3, -6/23 HPs)
             Began as a Gargoyle Fighter on Sept 25, 2022.
             Mangled by a gnoll
             ... wielding a +0 halberd
              (11 damage)
             ... on level 2 of the Dungeon.
             The game lasted 00:00:27 (1300 turns).

qw the Chopper (Gargoyle Fighter)                   Turns: 1300, Time: 00:00:27

Health: -6/23      AC: 12    Str: 21    XL:     3   Next: 66%
Magic:  3/3        EV:  7    Int:  8    God:
Gold:   37         SH:  4    Dex:  9    Spells: 2/2 levels left

rFire   . . .      SeeInvis .    Y - +0 war axe
rCold   . . .      Faith    .    c - +0 buckler
rNeg    + . .      Spirit   .    j - +0 chain mail
rPois   inf        Reflect  .    (no helmet)
rElec   +          Harm     .    (no cloak)
rCorr   .          Rampage  .    (no gloves)
Will    .....                    (no boots)
Stlth   ..........               (no amulet)
HPRegen 0.07/turn                (no ring)
MPRegen 0.08/turn                (no ring)

@: about to teleport
A: sickness immunity, AC +3, negative energy resistance 1, electricity
resistance, torment resistance 1, petrification resistance
a: no special abilities


You were on level 2 of the Dungeon.
You visited 1 branch of the dungeon, and saw 2 of its levels.

You collected 37 gold pieces.


Innate Abilities, Weirdness & Mutations

You are immune to sickness and miasma.
Your stone body is resilient. (AC +3)
You are immune to poison.
You resist negative energy. (rN+)
You are resistant to electric shocks. (rElec)
You are resistant to unholy torment.
You are immune to petrification.


   Skills:
 - Level 3.2 Fighting
 + Level 3.5 Axes
 - Level 3.2 Armour
 - Level 3.2 Shields


You had 2 spell levels left.
You didn't know any spells.
Your spell library was empty.

Inventory:

Hand Weapons
 f - a +0 mace
 Y - a +0 war axe (weapon)
Armour
 c - a +0 buckler (worn)
 j - a +0 chain mail (worn)
Scrolls
 e - a scroll of identify {unknown}
Potions
 b - a potion of curing {unknown}
 d - a potion of might
 g - a potion of magic {unknown}
 i - a potion of lignification {unknown}
 l - a potion of brilliance {unknown}
 o - a potion of attraction {unknown}

Dungeon Overview and Level Annotations

Branches:
Dungeon (2/15)

Altars:


Message History

Found a sling.
b - a golden potion
e - a scroll labelled IHOPOIXTEAH You open the door.
There is an open door here.
A gnoll comes into view. It is wielding a +0 halberd.
The gnoll shouts!
You hear a shout! x3
A gnoll comes into view. It is wielding a +0 flail.
Enter note: The gnoll hits you from afar with a +0 halberd!
A gnoll comes into view. It is wielding a +0 halberd.
The gnoll hits you but does no damage.
A hobgoblin comes into view.
You slash the gnoll!
The gnoll is severely wounded.
You hit the gnoll. The gnoll hits you but does no damage.
The gnoll hits you with a +0 halberd. The gnoll closely misses you.
You closely miss the gnoll.
The gnoll is severely wounded.
You closely miss the gnoll. The gnoll hits you but does no damage.
You block the gnoll's attack. x2
You slash the gnoll!
You kill the gnoll!
You hit the gnoll. The gnoll misses you.
The gnoll hits you from afar with a +0 halberd.
You hit the gnoll.
The gnoll is almost dead.
You slash the hobgoblin!
You kill the hobgoblin!
The gnoll closely misses you. The gnoll barely misses you.
The gnoll hits you from afar with a +0 halberd.
You block the gnoll's attack.
1300 ||| READING scroll of teleportation.
As you read the scroll of teleportation, it crumbles to dust.
You feel strangely unstable. The gnoll hits you with a +0 flail.
The gnoll hits you from afar with a +0 halberd!
You die...

#...........######.####
#>...................
##.......###.##.####
#.#########.##.####
#..................
#.####.##.#.##.#### #.#
#.#..#...(####### #.#
#.#g............# #.#
#.#@.g...#####.##
######.####.#)####.#
#.# #........##.#..
#.#####.#
#........##.####
#.#.....# #........##.#
#.#.#########
#).......##.#
#.#.........#
#........##.#
#.#########.#
####'######.#
#.#<........# #.# #.#
###########


You could see 2 gnolls.

Vanquished Creatures
  A gnoll (D:2)
  A dart slug (D:2)
  6 ball pythons
  4 endoplasms (D:1)
  2 giant cockroaches (D:1)
  A goblin (D:1)
  4 hobgoblins
  3 jackals (D:1)
  3 kobolds (D:1)
  A quokka (D:1)
  A bat (D:1)
  A frilled lizard (D:2)
  A rat (D:1)
29 creatures vanquished.

Vanquished Creatures (others)
  A plant (D:1)
1 creature vanquished.

Grand Total: 30 creatures vanquished

Notes
Turn   | Place    | Note
-------+----------+-------------------------------------------
     0 | D:1      | qw the Gargoyle Fighter began the quest for the Orb.
     0 | D:1      | Reached XP level 1. HP: 14/14 MP: 1/1
     0 | D:1      | 0 ||| qw: Version: 0.2-a-10-g399e6c4
     0 | D:1      | 0 ||| qw: Game counter: 104
     0 | D:1      | 0 ||| qw: Always use a shield: true
     0 | D:1      | 0 ||| qw: God list: Okawaru
     0 | D:1      | 0 ||| qw: Allow faded altars: false
     0 | D:1      | 0 ||| qw: Do Orc after D:15 true
     0 | D:1      | 0 ||| qw: Do second Lair branch before Depths: true
     0 | D:1      | 0 ||| qw: Lair rune preference: random
     0 | D:1      | 0 ||| qw: Plans: Normal, Zot:1-4, God:TSO, Crypt, Tomb,
                  | Pan, Slime:5, Hells, Abyss, Orb
     0 | D:1      | 0 ||| PLANNING D:1-11
    85 | D:1      | Found a faded altar of an unknown god.
   116 | D:1      | Reached XP level 2. HP: 16/19 MP: 2/2
   520 | D:1      | Reached skill level 3 in Axes
   805 | D:1      | Reached XP level 3. HP: 20/23 MP: 3/3
  1064 | D:1      | 1064 ||| UPGRADING to +0 chain mail.
  1074 | D:1      | 1074 ||| DROPPING +0 scale mail.
  1075 | D:1      | 1075 ||| READING 2 scrolls labelled LEAT UJEGOLIN.
  1080 | D:1      | 1080 ||| READING scroll labelled NED UXEOWUEMN.
  1081 | D:1      | 1081 ||| READING scroll labelled DUSIOVVUOGOP.
  1082 | D:1      | 1082 ||| READING scroll labelled BAMOINWAMP.
  1083 | D:1      | 1083 ||| READING scroll labelled OLUFUW SEIZ.
  1185 | D:2      | 1185 ||| Stepping ~*~*~tactically~*~*~ (stealth).
  1299 | D:2      | HP: 5/23 [gnoll/+0 halberd (5)]
  1300 | D:2      | 1300 ||| READING scroll of teleportation.
  1300 | D:2      | Mangled by a gnoll

Levels and vault maps discovered:
D:1:      heliophobic_arrival_henge, layout_loops_ring,
          chequers_ecumenical_altar_island, serial_bayou, serial_bayou_shore_b,
          serial_bayou_ford_a, serial_bayou_pond_a, serial_bayou_shore_b,
          minivault_27, minmay_pentomino_v2
D:2:      layout_basic, uniq_sigmund

Skill      XL: |  1  2 |
---------------+-------+-----
Axes           | 2 3 |  3.5
Fighting       | |  3.2
Armour         | |  3.2
Shields        | |  3.2

Action                   || total
-------------------------++-------
Melee: War axe           ||    81
  Use: Scroll            ||     6
Armor: Scale mail        ||    28
       Chain mail        ||    13
Dodge: Dodged            ||    35
Block: Buckler           ||    18

Table legend:
 A = Non-vault XP
 B = Vault XP
 C = Vault XP percentage of total XP
 D = Non-vault monster count
 E = Vault monster count
 F = Vault count percentage of total count
                 A         B        C        D         E       F
            +---------+---------+-------+---------+---------+-------
      Total |      64 |       2 |   3.0 |      28 |       1 |   3.4
            +---------+---------+-------+---------+---------+-------
        D:1 |      39 |       2 |   4.9 |      22 |       1 |   4.3
        D:2 |      25 |       0 |   0.0 |       6 |       0 |   0.0
            +---------+---------+-------+---------+---------+-------
